 Dungeon Crawl Stone Soup version 0.31-a0-1612-g4aaf141004 (webtiles) character file.

Game seed: 17786302354127088615

22957 pbupsy the Severer (level 12, -2/112 HPs)
             Began as a Minotaur Berserker on Jan 9, 2024.
             Was a High Priest of Trog.
             Slain by a death yak (11 damage)
             ... on level 1 of the Lair of Beasts on Jan 10, 2024.
             The game lasted 01:39:37 (10147 turns).

pbupsy the Severer (Minotaur Berserker)            Turns: 10147, Time: 01:39:37

Health: -2/112     AC: 13    Str: 27    XL:     12   Next: 67%
Magic:  11/11      EV: 14    Int:  4    God:    Trog [*****.]
Gold:   281        SH:  0    Dex: 10    Spells: 11/11 levels left

rFire   x . .        K - +5 battleaxe (freeze)
rCold   + . .        (shield currently unavailable)
rNeg    + . .        q - +4 ring mail {rN+}
rPois   .            (helmet restricted)
rElec   .            (no cloak)
rCorr   .            E - +0 pair of gloves
SInv    .            (no boots)
Will    +....        (no amulet) Stlth
                     m - ring of ice
HPRegen 0.38/turn    (no ring)
MPRegen 0.12/turn

%: no passive effects
@: no status effects
A: horns 2, retaliatory headbutt, strong-willed 1, wild magic 1
a: Renounce Religion, Berserk, Trog's Hand, Brothers in Arms


You were on level 1 of the Lair of Beasts.
You worshipped Trog.
Trog was extremely pleased with you.
You visited 4 branches of the dungeon, and saw 12 of its levels.

You collected 666 gold pieces.
You spent 385 gold pieces at shops.

Inventory:

Hand Weapons
 a - a +4 battleaxe
 K - a +5 battleaxe of freezing (weapon)
Missiles
 l - 6 curare-tipped darts
 C - 85 stones
 D - 4 javelins
 G - 8 boomerangs
 H - 19 poisoned darts
 J - 2 throwing nets
Armour
 p - +0 acid dragon scales
 q - a +4 ring mail of positive energy (worn)
 E - a +0 pair of gloves (worn)
Magical Staves
 i - a staff of death
Jewellery
 m - a ring of ice (left hand)
 t - an amulet of faith
Talismans
 j - a serpent talisman
Wands
 n - a wand of flame (4) (quivered)
Scrolls
 b - a scroll of brand weapon {unknown}
 c - a scroll of enchant armour
 e - a scroll of amnesia
 s - a scroll of immolation {unknown}
 v - 2 scrolls of fog {unknown}
 z - 6 scrolls of identify {unknown}
 O - a scroll of teleportation
Potions
 d - a potion of might {unknown}
 f - a potion of enlightenment
 g - a potion of mutation
 h - a potion of heal wounds
 k - a potion of resistance {unknown}
 o - a potion of berserk rage
 r - a potion of attraction {unknown}
 w - 3 potions of curing
 B - a potion of magic
 I - a potion of invisibility {unknown}
 L - 2 potions of lignification
 M - 2 potions of ambrosia {unknown}


   Skills:
 + Level 12.1 Fighting
 * Level 16.4 Axes
 + Level 11.8 Armour
 + Level 10.8 Dodging


You had 11 spell levels left.
You didn't know any spells.
Your spell library contained the following spells:

 Spells                   Type           Power      Damage    Failure   Level
 Kiss of Death            Conj/Necr      0%         2d5       69%         1
 Ensorcelled Hibernation  Hex/Ice        0%         N/A       82%         2
 Confusing Touch          Hex            0%         N/A       96%         3
 Fugue of the Fallen      Necr           0%         N/A       96%         3
 Volatile Blastmotes      Fire/Tloc      0%         2d10      96%         3
 Anguish                  Hex/Necr       0%         N/A       100%        4
 Dispel Undead            Necr           0%         3d6       100%        4
 Fulminant Prism          Conj/Alch      0%         3d5       100%        4
 Iskenderun's Mystic Bla  Conj/Tloc      0%         2d3       100%        4
 Iskenderun's Battlesphe  Conj           0%         2d6       100%        5
 Bombard                  Conj/Erth      0%         9d1       100%        6
 Malign Gateway           Summ/Tloc      0%         N/A       100%        7
 Spellforged Servitor     Conj/Summ      0%         N/A       100%        7
 Summon Horrible Things   Summ           0%         N/A       100%        8


Dungeon Overview and Level Annotations

Branches:
Dungeon (9/15)             Temple (1/1) D:5            Lair (1/5) D:9
    Orc (1/2) D:9

Altars:
Ashenzari
Cheibriados
Dithmenos
Elyvilon
Fedhas
Gozag
Hepliaklqana
Kikubaaqudgha
Makhleb
Nemelex Xobeh
Okawaru
Qazlal
Ru
Sif Muna
Trog
Uskayaw
Vehumet
Wu Jian
Xom
Yredelemnul
Zin
The Shining One

Shops:
D:9 *


Innate Abilities, Weirdness & Mutations

You have a pair of horns on your head.
You reflexively headbutt those who attack you in melee.
You are strong-willed. (Will+)
Your spells are a little harder to cast, but a little more powerful.


Message History

You hear a howl!
Your Fighting skill increases to level 12!
The death yak gores you but does no damage.
The death yak attacks as it pursues you!
The death yak gores you but does no damage.
You slice the death yak!! You freeze the death yak.
The death yak is moderately wounded.
You slice the death yak!! You freeze the death yak!
The death yak is almost dead.
You hit the death yak. You freeze the death yak.
You hear a howl! x2
You slash the death yak! You freeze the death yak.
You kill the death yak!
Trog accepts your kill.
You slash the death yak! You freeze the death yak.
You barely miss the death yak. The death yak barely misses you.
The death yak gores you!!
You slash the death yak! You freeze the death yak!
The death yak is heavily wounded.
You slash the wolf! You freeze the wolf. You slash the death yak!
You freeze the death yak. The wolf closely misses you. The death yak gores you.
The wolf closely misses you.
The death yak gores you but does no damage.
You hit the death yak. You freeze the death yak.
You headbutt the death yak, but do no damage.
The death yak is heavily wounded.
You hit the wolf. You freeze the wolf. You hit the death yak.
You freeze the death yak. The wolf misses you. You furiously retaliate!
You headbutt the wolf!
You kill the wolf!
Trog accepts your kill. The death yak gores you! x2
* * * LOW HITPOINT WARNING * * *
You feel better. The death yak closely misses you. You furiously retaliate!
You headbutt the death yak! The death yak gores you!
* * * LOW HITPOINT WARNING * * *
You feel better. The death yak gores you!!
* * * LOW HITPOINT WARNING * * *
The death yak gores you!
You die...

. #.# ......# ..###..
h.h.... h..h. .. ... #..
#.## ##.## #.# #...####
###h##
.......#########@†..##
............##..YY...#
............[.........#
........#.#...##P###...#
......####....#### #....
......# ##...# .....
....[.## #...# # .....
.......# #†..#.#.. ..
###....####.........


You could see 2 death yaks and a wolf.

Vanquished Creatures
  Jorgrun (Orc:1)
  A boulder beetle (D:9)
  2 centaur warriors (D:9)
  The ghost of grandjackal the Fighter, a novice DsGl of Makhleb (D:9)
  A two-headed ogre (D:5)
  2 death yaks (Lair:1)
  An oklob plant (Orc:1)
  A manticore (D:7)
  4 elephants (Lair:1)
  Joseph (Lair:1)
  A black mamba (Lair:1)
  The ghost of VoidStrider the Magician, a novice OnFE of Sif Muna (D:5)
  A gargoyle (D:9)
  2 komodo dragons (Lair:1)
  4 cane toads (Lair:1)
  Jeremiah (D:8)
  An efreet (D:9)
  A troll (D:9)
  3 blink frogs (Lair:1)
  Sigmund (D:6)
  A wraith (D:9)
  A shadow (D:9)
  20 yaks
  A wyvern (D:9)
  A slime creature (D:9)
  5 steam dragons
  3 vampire mosquitoes (D:9)
  An acid dragon (D:9)
  2 water moccasins
  A hornet zombie (D:8)
  4 orc warriors
  4 black bears
  7 ice beasts
  A wolf (Lair:1)
  4 centaurs
  3 ogres
  3 phantoms
  3 kobold brigands
  12 bullfrogs
  A wyvern zombie (D:8)
  A gnoll sergeant (D:9)
  4 scorpions
  21 wights
  4 killer bees (D:9)
  A centaur zombie (D:8)
  A howler monkey (D:5)
  4 bombardier beetles
  A jelly (D:7)
  7 hounds
  A gnoll bouda (D:9)
  6 orc priests
  4 sleepcaps
  Ijyb (D:3)
  6 iguanas
  14 orc wizards
  2 killer bee zombies (D:8)
  5 howler monkey zombies (D:8)
  3 gnolls (D:4)
  8 adders
  2 shadow imps
  3 white imps
  2 dart slugs
  A ribbon worm (shapeshifter) (D:9)
  45 orcs
  4 endoplasms
  2 giant cockroaches
  11 goblins
  9 hobgoblins
  4 jackals (D:1)
  21 kobolds
  2 quokkas
  5 ball pythons
  4 bats
  2 frilled lizards (D:1)
  5 rats
325 creatures vanquished.

Notes
Turn   | Place    | Note
-------+----------+-------------------------------------------
     0 | D:1      | pbupsy the Minotaur Berserker began the quest for the Orb.
     0 | D:1      | Reached XP level 1. HP: 19/19 MP: 0/0
   454 | D:1      | Reached XP level 2. HP: 27/27 MP: 1/1
   592 | D:1      | Reached skill level 4 in Axes
   969 | D:1      | Reached XP level 3. HP: 33/33 MP: 2/2
  1246 | D:2      | Reached ** piety under Trog
  1391 | D:2      | Found a faded altar of an unknown god.
  2043 | D:3      | Noticed Ijyb
  2054 | D:3      | Killed Ijyb
  2055 | D:3      | Reached XP level 4. HP: 40/40 MP: 3/3
  2074 | D:3      | Noticed a black bear
  2111 | D:3      | Killed a black bear
  2112 | D:3      | Reached skill level 5 in Axes
  2112 | D:3      | Reached XP level 5. HP: 47/47 MP: 4/4
  2475 | D:3      | Found a blossoming altar of Fedhas.
  2475 | D:3      | Found a sacrificial altar of Ru.
  2478 | D:3      | Found a shimmering altar of Xom.
  2481 | D:3      | Found a radiant altar of Vehumet.
  2714 | D:4      | Reached XP level 6. HP: 55/55 MP: 5/5
  2722 | D:4      | Reached skill level 6 in Axes
  2788 | D:4      | Found a white marble altar of Elyvilon.
  2801 | D:4      | Reached skill level 5 in Fighting
  3386 | D:5      | Entered Level 5 of the Dungeon
  3392 | D:5      | Reached XP level 7. HP: 61/61 MP: 6/6
  3393 | D:5      | Reached *** piety under Trog
  3418 | D:5      | Reached skill level 7 in Axes
  3516 | D:5      | Reached skill level 5 in Armour
  3660 | D:5      | Gained mutation: Your spells are a little harder to cast,
                  | but a little more powerful. [potion of mutation]
  3660 | D:5      | Gained mutation: You are strong-willed. (Will+) [potion of
                  | mutation]
  3823 | D:5      | Found a staircase to the Ecumenical Temple.
  3873 | D:5      | Found a runed translucent gate.
  3874 | D:5      | Found a runed translucent gate.
  3875 | D:5      | Found an opulent altar of Gozag.
  3875 | D:5      | Found a runed translucent gate.
  3876 | D:5      | Noticed VoidStrider's ghost (novice OnFE)
  3878 | D:5      | Noticed a two-headed ogre
  3959 | D:5      | Reached skill level 8 in Axes
  3959 | D:5      | Reached skill level 5 in Dodging
  3959 | D:5      | Reached XP level 8. HP: 29/70 MP: 7/7
  3962 | D:5      | Killed a two-headed ogre
  3963 | D:5      | Reached skill level 9 in Axes
  3969 | D:5      | HP: 3/109 [VoidStrider's ghost/magic dart (3)]
  3970 | D:5      | Killed VoidStrider's ghost
  3971 | D:5      | Reached XP level 9. HP: 4/79 MP: 8/8
  4454 | D:6      | Noticed Sigmund
  4550 | D:6      | Killed Sigmund
  4551 | D:6      | Reached skill level 10 in Axes
  5299 | D:6      | Reached skill level 11 in Axes
  5567 | D:7      | Reached **** piety under Trog
  5692 | D:7      | Reached XP level 10. HP: 44/90 MP: 9/9
  5889 | D:7      | Found a snail-covered altar of Cheibriados.
  5991 | D:7      | Noticed a manticore
  6005 | D:7      | Killed a manticore
  6006 | D:7      | Reached skill level 12 in Axes
  6042 | D:7      | Identified the +12 whip of Fedhas's Regard {holy, MP+9}
  6271 | D:8      | Found a sparkling altar of Nemelex Xobeh.
  6409 | D:8      | Found a stormy altar of Qazlal.
  6840 | D:8      | Reached skill level 13 in Axes
  6932 | D:8      | Noticed Jeremiah
  6986 | D:8      | Killed Jeremiah
  7547 | D:9      | Found a staircase to the Lair.
  7564 | D:9      | Reached XP level 11. HP: 96/98 MP: 10/10
  7580 | D:9      | Found a shadowy altar of Dithmenos.
  7605 | D:9      | Identified the +6 mace "Habemida" {elec, rN+}
  7611 | D:9      | Noticed a centaur warrior
  7611 | D:9      | Noticed a boulder beetle
  7618 | D:9      | Noticed a centaur warrior
  7621 | D:9      | Killed a centaur warrior
  7622 | D:9      | Reached skill level 10 in Fighting
  7634 | D:9      | Reached ***** piety under Trog
  7645 | D:9      | HP: 4/100 [centaur warrior (3)]
  7646 | D:9      | Killed a centaur warrior
  8021 | D:9      | Reached skill level 14 in Axes
  8021 | D:9      | Reached skill level 10 in Armour
  8057 | D:9      | Found Bodid's General Store.
  8065 | D:9      | Bought a potion of heal wounds for 55 gold pieces
  8065 | D:9      | Bought a serpent talisman for 330 gold pieces
  8155 | D:9      | Found an ornate altar of the Wu Jian Council.
  8203 | D:9      | Found a runed translucent door.
  8216 | D:9      | Noticed grandjackal's ghost (novice DsGl)
  8228 | D:9      | Killed grandjackal's ghost
  8276 | D:9      | Received a gift from Trog
  8445 | D:9      | Killed a boulder beetle
  8468 | D:9      | Found a staircase to the Orcish Mines.
  8702 | D:9      | Found a shimmering blue altar of Sif Muna.
  8799 | Orc:1    | Entered Level 1 of the Orcish Mines
  8811 | Orc:1    | Noticed Jorgrun
  8820 | Orc:1    | Killed Jorgrun
  9036 | Orc:1    | Noticed an oklob plant
  9045 | Orc:1    | Killed an oklob plant
  9046 | Orc:1    | Reached skill level 15 in Axes
  9350 | Temple   | Entered the Ecumenical Temple
  9436 | Lair:1   | Entered Level 1 of the Lair of Beasts
  9447 | Lair:1   | Reached XP level 12. HP: 110/110 MP: 11/11
  9472 | Lair:1   | Reached skill level 10 in Dodging
  9579 | Lair:1   | Identified the blade talisman of Jilaof {rElec}
  9646 | Lair:1   | HP: 8/166 [komodo dragon (19)]
  9950 | Lair:1   | Reached skill level 16 in Axes
  9967 | Lair:1   | Noticed Joseph
  9982 | Lair:1   | Killed Joseph
 10130 | Lair:1   | Noticed a death yak
 10130 | Lair:1   | Noticed a death yak
 10131 | Lair:1   | Noticed a death yak
 10134 | Lair:1   | Noticed a death yak
 10138 | Lair:1   | Killed a death yak
 10143 | Lair:1   | Killed a death yak
 10147 | Lair:1   | Slain by a death yak

Illustrated notes

Levels and vault maps discovered:
D:1:      psy_arrival_radial01, layout_loops_ring
D:2:      layout_loops_corners, dreamdust_ecumenical_altar_statues,
          nicolae_the_louvre
D:3:      layout_loops_ring, minitemple, minmay_circle_x, uniq_ijyb
D:4:      layout_rooms, elyvilon_altar_1, grunt_decor_fettered,
          minmay_box_of_dots
D:5:      layout_cave_pools, minmay_temple_entry_junction, ebering_ghost_gozag
D:6:      layout_layer_cave, minmay_starry_boxes, uniq_sigmund
D:7:      layout_cave_pools, slow_altar_2, serial_column_ruins,
          column_ruins_grid_5, column_ruins_grid_1, column_ruins_open_tiny,
          column_ruins_open_medium_water, column_ruins_grid_1, grunt_potential
D:8:      layout_loops_corners, mainiacjoe_overflow_catwalk,
          grunt_qazlal_sundering, serial_undead, serial_undead_a,
          serial_undead_e, serial_undead_b, serial_undead_f, special_room
          [special_room_orc], uniq_jeremiah
D:9:      wad_river_or_something, layout_loops_ring,
          nicolae_dithmenos_the_darkroom, nicolae_wu_jian_wuxing_cycle,
          kennysheep_orc_sif_temple, lair_entry_dummy, serial_shops, shop,
          ebering_ghost_reflecting_pool, minivault_28
Temple:   hellmonk_temple_of_storms
Lair:1:   layout_layer_cave, nicolae_lair_run_with_the_wolves, uniq_joseph
Orc:1:    orc_temple, layout_diamond_mine, serial_shops,
          nicolae_orc_crystal_seam, regret_index_minedec_shroomtown_chain,
          mines3_lemuel, uniq_jorgrun

Skill      XL: |  1  2  3  4  5  6  7  8  9 10 11 12 |
---------------+-------------------------------------+-----
Axes           | 4 5 6 8 9 11 13 15 16 | 16.4
Fighting       | 4 5 6 7 8 9 11 12 | 12.1
Armour         | 3 4 5 6 8 9 10 11 | 11.8
Dodging        | 3 4 5 6 7 8 9 10 | 10.8

Action                     |  1- 3 |  4- 6 |  7- 9 | 10-12 || total
---------------------------+-------+-------+-------+-------++-------
  Melee: Hand axe          |    66 |    81 |   172 |   153 ||   472
         Headbutt          |    15 |    11 |    29 |    89 ||   144
         Punch             |       |       |     3 |       ||     3
         Battleaxe         |       |       |       |   294 ||   294
  Throw: Stone             |    19 |     8 |     7 |     9 ||    43
         Dart              |       |       |       |     5 ||     5
 Invoke: Berserk           |     2 |     4 |     6 |    13 ||    25
  Evoke: Wand              |       |       |    29 |    16 ||    45
    Use: Potion            |     1 |       |     8 |     3 ||    12
         Scroll            |       |       |     6 |     1 ||     7
 Armour: Ring mail         |    21 |    59 |   129 |   274 ||   483
         Skin              |     2 |     2 |    43 |       ||    47
  Dodge: Dodged            |    39 |    44 |    81 |   238 ||   402

Table legend: (Time is in decaauts)
 A = Elapsed time spent in this place.
 B = Non-inter-level travel time spent in this place.
 C = Inter-level travel time spent in this place.
 D = Time resting spent in this place.
 E = Time spent auto-exploring this place.
 F = Levels seen in this place.
 G = Mean time per level.
                   A        B        C        D        E       F      G
               +--------+--------+--------+--------+--------+-----+--------+
         Total |  10293 |   9044 |   1249 |   2042 |   2256 |  12 |  857.8 |
       Dungeon |   9166 |   7926 |   1240 |   1443 |   2256 |   9 | 1018.4 |
        Temple |      1 |      0 |      1 |      0 |      0 |   1 |    1.0 |
          Lair |    722 |    722 |      0 |    277 |      0 |   1 |  722.0 |
  Orcish Mines |    402 |    395 |      7 |    321 |      0 |   1 |  402.0 |
               +--------+--------+--------+--------+--------+-----+--------+

Top non-repeatable levels by time:
     D:8: 1615 daAuts
     D:5: 1169 daAuts
     D:1: 1084 daAuts
     D:6: 1044 daAuts
     D:9: 995 daAuts
     D:2: 872 daAuts
     D:7: 835 daAuts
     D:3: 788 daAuts
     D:4: 762 daAuts
  Lair:1: 722 daAuts
   Orc:1: 402 daAuts
  Temple: 1 daAuts
